 Dungeon Crawl Stone Soup version 0.28-a0-631-g0446da8ef9 (webtiles) character file.

Game seed: 8099926789390226716

184 omnomnOMINOUS the Skirmisher (level 5, -1/38 HPs)
             Began as an Octopode Wanderer on Oct 9, 2021.
             Was an Initiate of Ru.
             Slain by an orc wizard (2 damage)
             ... on level 4 of the Dungeon.
             The game lasted 00:05:43 (3666 turns).

omnomnOMINOUS the Skirmisher (Octopode Wanderer)    Turns: 3666, Time: 00:05:44

Health: -1/38      AC:  1    Str: 12    XL:     5   Next: 64%
Magic:  8/8        EV: 14    Int: 16    God:    Ru [......]
Gold:   118        SH:  0    Dex: 10    Spells: 7/9 levels left

rFire   . . .      SeeInvis .   a - +2 dagger
rCold   . . .      Faith    .   (no shield)
rNeg    . . .      Spirit   .   (helmet restricted)
rPois   .          Reflect  .   (no amulet)
rElec   .          Harm     .   j - ring of resist corrosion
rCorr   +          Rampage  .   (no ring)
Will    .....                   (no ring)
Stlth   ++........              (no ring)
HPRegen 0.12/turn               (no ring)
MPRegen 0.11/turn               (no ring)
                                (no ring)
                                (no ring)

@: brilliant, attractive
A: almost no armour, amphibious, 8 rings, camouflage 1, gelatinous body 1,
(nimble swimmer 1), tentacles
a: Renounce Religion


You were on level 4 of the Dungeon.
You worshipped Ru.
Ru was noncommittal.
You visited 1 branch of the dungeon, and saw 4 of its levels.

You collected 118 gold pieces.

Inventory:

Hand Weapons
 a - a +2 dagger (weapon)
 b - a +0 trident
 c - a +0 shortbow
Missiles
 d - 40 arrows
 k - 6 atropa-tipped darts (quivered)
Jewellery
 j - a ring of resist corrosion (left tentacle)
Scrolls
 f - a scroll of acquirement {unknown}
 h - 2 scrolls of identify {unknown}
 l - 2 scrolls of amnesia {unknown}
 m - a scroll of teleportation {unknown}
 n - a scroll of fear {unknown}
 o - a scroll of holy word {unknown}
 r - a scroll of fog {unknown}
 s - a scroll of enchant armour {unknown}
Potions
 e - a potion of berserk rage
 q - a potion of flight {unknown}


   Skills:
 + Level 4.3 Fighting
 - Level 1.0 Bows
 + Level 4.3 Dodging
 - Level 1.3 Stealth
 - Level 1.0 Shields
 + Level 2.5 Spellcasting
 + Level 0.4 Translocations
 - Level 1.0 Ice Magic


You had 7 spell levels left.
You knew the following spells:

 Your Spells              Type           Power      Damage    Failure   Level
a - Blink                 Tloc           N/A        N/A       24%         2

Your spell library contained the following spells:

 Spells                   Type           Power      Damage    Failure   Level
 Corpse Rot               Necr/Air       N/A        N/A       30%         2
 Poisonous Vapours        Pois/Air       6%         N/A       30%         2
 Lesser Beckoning         Tloc           5%         N/A       43%         3
 Manifold Assault         Tloc           5%         N/A       99%         5


Dungeon Overview and Level Annotations

Branches:
Dungeon (4/15)
 Temple: D:4-7

Altars:
Ru

Shops:
D:2 (


Innate Abilities, Weirdness & Mutations

You cannot wear most types of armour.
You are amphibious.
You can wear up to eight rings at the same time.
Your skin changes colour to match your surroundings (Stealth+).
Your rubbery body absorbs attacks. (AC +1, EV +1)
((You are camouflaged near water. (Stealth+)))
You have tentacles for arms and can constrict up to eight enemies at once.


Message History

You closely miss the goblin. Your grab misses the goblin.
The goblin misses you.
You miss the goblin. You grab the goblin. You constrict the goblin.
The goblin misses you.
You hit the goblin. You squeeze the goblin.
You kill the goblin!
The orc wizard gestures at you while chanting.
You are confused.
The orc closely misses you.
The orc wizard gestures at you while chanting.
The puff of flame hits you.
Items here: )))) [[ †.
You bump into the rock wall.
The orc hits you with a +0 whip.
The orc wizard hits you with a +0 dagger.
* * * LOW HITPOINT WARNING * * *
You miss the orc wizard. The orc hits you with a +0 whip.
* * * LOW HITPOINT WARNING * * *
The orc wizard mumbles some strange words.
The orc wizard flickers and vanishes!
Deactivating autopickup; reactivate with Ctrl-A.
You hear some strange, mumbled words.
Something tries to affect you, but you resist.
Unknown command.
You barely miss the orc. The orc misses you. Something barely misses you.
You bump into the rock wall.
You feel less confused. The orc hits you with a +0 whip.
* * * LOW HITPOINT WARNING * * *
Something hits you.
* * * LOW HITPOINT WARNING * * *
It was a potion of attraction.
You feel attractive to monsters. The orc completely misses you.
Something hits you.
* * * LOW HITPOINT WARNING * * *
It was a potion of brilliance.
You feel clever all of a sudden. The orc hits you with a +0 whip.
* * * LOW HITPOINT WARNING * * *
Something hits you.
You die...

#..#.#.# .#####
...##..#.#.#####......
....#..#.#...........
#..#.[#.#.......####
.........)))......#
####.#....÷########.#
.......[..)#
.###.....<########
#....)###@....#.
##>.....o{.......
########........
#........ .........
#####.... .... ...


You could see an orc.

Vanquished Creatures
  Jessica (D:2)
  Natasha (D:3)
  An orc wizard (D:4)
  Robin (D:3)
  2 adders (D:2)
  2 dart slugs
  9 orcs
  3 endoplasms (D:1)
  13 goblins
  8 hobgoblins
  3 quokkas
  5 ball pythons
  4 bats
  2 frilled lizards
  4 kobolds
  7 rats
66 creatures vanquished.

Notes
Turn   | Place    | Note
-------+----------+-------------------------------------------
     0 | D:1      | omnomnOMINOUS the Octopode Wanderer began the quest for the
                  | Orb.
     0 | D:1      | omnomnOMINOUS set off with the following items: a +2
                  | dagger, a potion of berserk rage, a +0 shortbow, 22 arrows,
                  | a potion of lignification
     0 | D:1      | Reached XP level 1. HP: 17/17 MP: 3/3
    48 | D:1      | Reached skill level 1 in Dodging
   423 | D:1      | Reached XP level 2. HP: 15/22 MP: 5/5
  1355 | D:2      | Reached XP level 3. HP: 26/27 MP: 6/6
  1406 | D:2      | Found Tela's Antique Weapon Shoppe.
  1849 | D:2      | Noticed Jessica
  1853 | D:2      | Killed Jessica
  1854 | D:2      | Reached XP level 4. HP: 26/33 MP: 7/7
  2014 | D:2      | Found a faded altar of an unknown god.
  2018 | D:2      | Became a worshipper of Ru the Awakened
  3015 | D:4      | Noticed Robin
  3119 | D:4      | Noticed Natasha
  3131 | D:3      | HP: 2/49 [hobgoblin[Robin] (5)]
  3424 | D:3      | Killed Natasha
  3425 | D:3      | Reached XP level 5. HP: 19/37 MP: 8/8
  3430 | D:3      | Killed Robin
  3630 | D:4      | Learned a level 2 spell: Blink
  3666 | D:4      | HP: 1/38 [orc (2)]
  3666 | D:4      | Slain by an orc wizard

Illustrated notes

Levels and vault maps discovered:
D:1:      dpeg_arrival_rhombi, layout_basic
D:2:      minmay_spotlight, layout_basic, serial_shops,
          nicolae_shop_overgrown_old_shop, ebering_ecumenical_altar_abandoned,
          nrook_campfire, uniq_jessica
D:3:      layout_rooms
D:4:      layout_basic, nicolae_overflow_hidden_temple,
          minmay_temple_entry_statues_fountains, uniq_robin, uniq_ijyb,
          uniq_natasha

Skill      XL: |  1  2  3  4 |
---------------+-------------+-----
Dodging        | 1 2 3 4 |  4.3
Fighting       | |  4.3
Bows           | |  1.0
Stealth        | |  1.3
Shields        | |  1.0
Spellcasting   | |  2.5
Translocations | |  0.4
Ice Magic      | |  1.0

Action                   |  1- 3 |  4- 6 || total
-------------------------+-------+-------++-------
Melee: Dagger            |    50 |    93 ||   143
       Constrict         |    10 |    24 ||    34
       Tentacles         |    10 |    17 ||    27
 Fire: Shortbow          |    15 |       ||    15
Invok: Reject Sacrifices |       |     1 ||     1
  Use: Potion            |       |     3 ||     3
 Stab: Sleeping          |     8 |     4 ||    12
Armor: Skin              |     3 |     7 ||    10
Dodge: Dodged            |    20 |    58 ||    78

Table legend: (Time is in decaauts)
 A = Elapsed time spent in this place.
 B = Non-inter-level travel time spent in this place.
 C = Inter-level travel time spent in this place.
 D = Time resting spent in this place.
 E = Time spent auto-exploring this place.
 F = Levels seen in this place.
 G = Mean time per level.
                   A        B        C        D        E       F      G
               +--------+--------+--------+--------+--------+-----+--------+
         Total |   3664 |   3587 |     77 |   1061 |   2016 |   4 |  916.0 |
       Dungeon |   3664 |   3587 |     77 |   1061 |   2016 |   4 |  916.0 |
               +--------+--------+--------+--------+--------+-----+--------+

Top non-repeatable levels by time:
     D:1: 1327 daAuts
     D:3: 1206 daAuts
     D:2: 926 daAuts
     D:4: 203 daAuts
